 Dungeon Crawl Stone Soup version 0.27.1-33-g824d729ab1 (webtiles) character file.

Game seed: 8843543286296896714

22797 Gunterle the Covert (level 12, -5/92 HPs)
             Began as a Vampire Delver on Nov 25, 2021.
             Was an Initiate of Gozag.
             Slain by an orc warrior (19 damage)
             ... on level 1 of the Orcish Mines on Nov 26, 2021.
             The game lasted 01:09:55 (15558 turns).

Gunterle the Covert (Vampire Delver)               Turns: 15558, Time: 01:09:55

Health: -5/92      AC:  8    Str: 11    XL:     12   Next: 66%
Magic:  27/27      EV: 17    Int: 21    God:    Gozag
Gold:   1358       SH:  0    Dex: 16    Spells: 15/19 levels left

rFire    + . .     SeeInvis +   c - +4 scimitar (flame)
rCold    + . .     Faith    .   (no shield)
rNeg     . . .     Spirit   .   Y - +0 steam dragon scales
rPois    .         Reflect  .   s - +0 hat
rElec    .         Harm     .   P - +1 cloak {rCorr}
rCorr    +         Rampage  .   (no gloves)
Will     ++...                  S - +0 pair of boots
Stlth    +++++++...             (no amulet)
HPRegen  0.45/turn              e - ring "Wij Sull" {Wiz rF+ Will+ MP+9}
MPRegen  0.20/turn              Z - ring of the Castellan {rC+ Int+4 Stlth+}

@: lethally poisoned (-5 -> -6), gold aura, healing quickly
A: alive, fangs 3, see invisible, vampiric 2
a: Exsanguinate, Renounce Religion, Potion Petition, Call Merchant, Bribe Branch


You were on level 1 of the Orcish Mines.
You worshipped Gozag.
Gozag was most pleased with you.
You visited 3 branches of the dungeon, and saw 15 of its levels.
You also visited: Ossuary, Bailey and Gauntlet.

You collected 3329 gold pieces.
You spent 69 gold pieces at shops.
You paid 1902 gold pieces to Gozag.

Inventory:

Hand Weapons
 a - a +2 short sword of speed
 c - a +4 scimitar of flaming (weapon)
 u - the +8 hunting sling of Equilibrium {flame, +Blink rPois Will+ Int-3 Dex+5}
   (You found it on level 11 of the Dungeon)

   Any ammunition fired from it burns those it strikes, dealing additional fire
   damage.
   Int:       It affects your intelligence (-3).
   Dex:       It affects your dexterity (+5).
   rPois:     It protects you from poison.
   +Blink:    It lets you blink.
   Will:      It increases your willpower.
 M - the +3 hand axe of Parts Unknown {pain, rF+ Int+4 SInv}
   (You found it on level 8 of the Dungeon)

   In the hands of one skilled in necromantic magic, it inflicts extra damage on
   living creatures.
   Int:       It affects your intelligence (+4).
   rF:        It protects you from fire.
   SInv:      It lets you see invisible.
Missiles
 b - 463 stones
 l - 47 poisoned darts
 w - 35 sling bullets
 F - 5 javelins
 Q - 2 curare-tipped darts (quivered)
Armour
 o - a +2 leather armour of fire resistance
 s - a +0 hat (worn)
 P - a +1 cloak of preservation (worn)
 S - a +0 pair of boots (worn)
 Y - +0 steam dragon scales (worn)
Magical Staves
 q - a staff of air
Jewellery
 e - the ring "Wij Sull" (left hand) {Wiz rF+ Will+ MP+9}
   (You found it on level 5 of the Dungeon)

   [ring of wizardry]

   It improves your spell success rate.
   rF:        It protects you from fire.
   MP:        It affects your magic capacity (+9).
   Will:      It increases your willpower.
 j - the ring "Heehara" {Wiz Dex+4}
   (You found it in a Gauntlet)

   [ring of wizardry]

   It improves your spell success rate.
   Dex:       It affects your dexterity (+4).
 v - a ring of ice
 z - a ring of poison resistance
 Z - the ring of the Castellan (right hand) {rC+ Int+4 Stlth+}
   (You acquired it in a bailey)

   [ring of protection from cold]

   Int:       It affects your intelligence (+4).
   rC:        It protects you from cold.
   Stlth:     It makes you more stealthy.
Wands
 g - a wand of digging (15)
 B - a wand of iceblast (12)
 D - a wand of flame (26)
 E - a wand of polymorph (3)
 G - a wand of charming (3)
 O - a wand of mindburst (35)
Scrolls
 d - a scroll of noise {unknown}
 f - 3 scrolls of summoning
 i - a scroll of vulnerability
 m - 6 scrolls of teleportation
 p - 4 scrolls of blinking
 r - a scroll of magic mapping
 y - a scroll of holy word {unknown}
 C - a scroll of amnesia
 N - 3 scrolls of fog
Potions
 h - 2 potions of resistance
 n - 3 potions of ambrosia
 t - 6 potions of lignification
 x - 2 potions of berserk rage
 A - 4 potions of flight
 H - 3 potions of curing {unknown}
 I - 3 potions of haste
 J - 4 potions of heal wounds
 K - 2 potions of attraction {unknown}
 L - a potion of brilliance {unknown}
 T - a potion of degeneration {unknown}
 U - a potion of experience {unknown}
 V - a potion of cancellation {unknown}
 W - a potion of magic {unknown}
 X - 4 potions of mutation
Miscellaneous
 R - a condenser vane


   Skills:
 + Level 7.9 Fighting
 - Level 12.0(12.1) Short Blades
 * Level 2.9(7.7) Long Blades
 - Level 1.5 Slings
 + Level 0.3 Armour
 + Level 9.2 Dodging
 + Level 13.7 Stealth
 + Level 4.2 Spellcasting
 * Level 9.8 Hexes
 + Level 7.3 Evocations


You had 15 spell levels left.
You knew the following spells:

 Your Spells              Type           Power      Damage    Failure   Level
a - Cause Fear            Hex            22%        N/A       1%          4

Your spell library contained the following spells:

 Spells                   Type           Power      Damage    Failure   Level
 Beastly Appendage        Tmut           8%         N/A       4%          1
 Wereblood                Tmut           4%         N/A       8%          2
 Ignite Poison            Fire/Tmut/Pois 4%         N/A       14%         3
 Mephitic Cloud           Conj/Pois/Air  4%         N/A       14%         3
 Ozocubu's Armour         Ice            4%         N/A       14%         3
 Spider Form              Tmut/Pois      2%         N/A       14%         3
 Bolt of Magma            Conj/Fire/Erth 2%         4d4       75%         5
 Conjure Ball Lightning   Conj/Air       2%         3x3d6     99%         6
 Discord                  Hex            22%        N/A       99%         8
 Dragon Form              Tmut           2%         N/A       100%        7
 Ozocubu's Refrigeration  Ice            2%         4d5       100%        7
 Disjunction              Tloc           2%         N/A       100%        8
 Dragon's Call            Summ           2%         N/A       100%        9


Dungeon Overview and Level Annotations

Branches:
Dungeon (12/15)            Temple (1/1) D:4            Lair (0/6) D:9
    Orc (2/2) D:9             Elf (0/3) Orc:2       Ossuary (visited)
 Bailey (visited)         Gauntlet (visited)

Altars:
Ashenzari
Cheibriados
Dithmenos
Elyvilon
Fedhas
Gozag
Hepliaklqana
Kikubaaqudgha
Makhleb
Nemelex Xobeh
Okawaru
Qazlal
Ru
Trog
Uskayaw
Vehumet
Wu Jian
Xom
Yredelemnul
Zin
The Shining One
Beogh

Shops:
D:8 *   D:9 :(   Orc:1 *

Annotations:
D:4 3 runed translucent doors, Jabberih's ghost, novice MfIE
D:6 exclusion: orc wizard, Eustachio; Prince Ribbit
D:8 3 runed translucent doors, Gunterle's ghost, novice PaBe
D:10 Harold
D:11 2 runed translucent doors, exclusion: orange crystal statue
D:12 Fannar


Innate Abilities, Weirdness & Mutations

Your natural rate of healing is accelerated.
You have razor-sharp teeth.
You have supernaturally acute eyesight. (SInv)
You are afflicted with vampirism and can become a bat while bloodless.


Message History

The orc warrior is distracted by your dazzling golden aura.
The orc hits you with a +0 flail.
The orc warrior shouts!
You feel very sick.
The orc warrior shouts!
The orc warrior barely misses you.
The ogre is distracted by your dazzling golden aura.
The orc wizard gestures at you while chanting.
The puff of flame hits you. You resist. The orc hits you with a +0 flail.
You climb upwards.
You feel sick.
There is a stone staircase leading down, spattered with blood here.
You hit the orc warrior. You burn the orc warrior.
The orc warrior is moderately wounded.
You feel sick.
The orc warrior hits you with a +1 long sword of holy wrath.
You convulse.
The orc barely misses you.
The orc warrior hits you with a +1 long sword of holy wrath.
You convulse.
You barely miss the orc warrior.
The orc warrior is moderately wounded.
You feel sick. The orc misses you.
The orc warrior hits you with a +1 long sword of holy wrath!
You convulse!
You slash the orc warrior! You burn the orc warrior.
The orc warrior is severely wounded.
You feel sick.
The orc is distracted by your dazzling golden aura.
The orc warrior barely misses you.
The orc shouts!
Unknown command.
You closely miss the orc warrior.
The orc warrior is severely wounded.
You feel sick.
The orc is no longer distracted by gold.
The orc misses you.
The orc warrior hits you with a +1 long sword of holy wrath!
* * * LOW HITPOINT WARNING * * *
You convulse!!
You die...
Your body crumbles into a pile of gold.

##.....#..#.........### ###
#.........)#....#...#### ##.##
##........##........##.###...#
##.....................###.###
#...................#..###...##
##.....[................#.....#
#............................##
#.............o#.............##
##^.##.......o@...............#
#######....[[)[...........#.##
###................##.##
##...................#
########...............#..#
#...............###........
##........#.....## #....#..#
##..._............####.##...#
#........∩.........######...#


You could see an orc warrior and an orc.

Vanquished Creatures
  Gastronok (D:8)
  A minotaur (Gauntlet)
  A hydra (D:11)
  5 two-headed ogres
  An orc high priest (Orc:2)
  Pikel (D:4)
  2 orc knights
  2 cyclopes
  Maurice (D:8)
  Maggie (D:8)
  A gargoyle (D:12)
  A minotaur zombie (Gauntlet)
  A kobold demonologist (D:11)
  2 unseen horrors
  A komodo dragon (D:9)
  2 trolls
  A tyrant leech (Gauntlet)
  A shadow (Gauntlet)
  A flying skull (Gauntlet)
  A vampire (D:11)
  25 yaks
  3 wraiths
  A basilisk (D:12)
  A steam dragon (D:9)
  A warg (D:9)
  4 swamp worms (Gauntlet)
  5 water moccasins
  3 ice beasts
  3 black bears
  6 orc warriors
  A sky beast (D:5)
  8 centaurs
  7 ogres
  A necrophage (D:8)
  2 kobold brigands
  2 bullfrogs (D:8)
  7 killer bees (D:7)
  8 wights
  3 howler monkeys (D:8)
  A crimson imp (Gauntlet)
  2 jellies
  4 centaur zombies
  A bullfrog zombie (D:6)
  6 orc priests
  A hound (D:6)
  2 centaur skeletons
  5 orc wizards
  A mummy (Ossuary)
  A howler monkey skeleton (D:7)
  6 adders
  16 gnolls
  A shadow imp (D:8)
  A white imp (D:7)
  3 worms
  2 dart slugs
  38 orcs
  2 ball pythons
  5 endoplasms
  3 giant cockroaches
  4 goblins
  14 hobgoblins
  5 quokkas
  8 bats
  3 frilled lizards
  7 gnoll skeletons (Ossuary)
  28 kobolds
  8 kobold skeletons (Ossuary)
  10 orc skeletons (Ossuary)
  6 rats
313 creatures vanquished.

Vanquished Creatures (collateral kills)
  A two-headed ogre (D:11)
  Erica (D:8)
  A sky beast (D:8)
3 creatures vanquished.

Vanquished Creatures (others)
  A gnoll (Bailey)
  A hobgoblin (Bailey)
  2 plants (D:9)
4 creatures vanquished.

Grand Total: 320 creatures vanquished

Notes
Turn   | Place    | Note
-------+----------+-------------------------------------------
     0 | D:5      | Gunterle the Vampire Delver began the quest for the Orb.
     0 | D:5      | Reached XP level 1. HP: 17/17 MP: 1/1
    18 | D:5      | Found a shimmering altar of Xom.
    65 | D:5      | Noticed a black bear
   117 | D:6      | Noticed Eustachio
   121 | D:6      | Noticed an orc wizard
   197 | D:5      | Noticed a jelly
   208 | D:5      | Noticed an ogre
   264 | D:5      | Identified the ring "Wij Sull" {Wiz rF+ Will+ MP+9}
   276 | D:4      | Noticed an orc priest
   276 | D:4      | Noticed an orc wizard
   322 | D:4      | Found a runed translucent gate.
   322 | D:4      | Found a runed translucent gate.
   322 | D:4      | Found a runed translucent gate.
   370 | D:3      | Reached XP level 2. HP: 23/23 MP: 2/2
   410 | D:4      | Noticed Jabberih's ghost (novice MfIE)
   427 | D:4      | Found a staircase to the Ecumenical Temple.
   434 | D:4      | Noticed a lemure
   435 | D:4      | Noticed a lemure
   436 | D:4      | Noticed Pikel
   436 | D:4      | Noticed a lemure
   441 | Temple   | Entered the Ecumenical Temple
   616 | D:4      | Noticed a lemure
   746 | D:3      | Gained mutation: You are afflicted with vampirism and can
                  | become a bat while bloodless. [Vampire growth]
   746 | D:3      | Reached XP level 3. HP: 22/28 MP: 3/3
   839 | D:2      | Reached skill level 1 in Evocations
   935 | D:1      | Reached XP level 4. HP: 35/35 MP: 4/4
  1264 | D:1      | Found a faded altar of an unknown god.
  2801 | D:4      | Reached XP level 5. HP: 41/41 MP: 5/5
  2808 | D:4      | Reached skill level 8 in Stealth
  2836 | D:4      | Found an opulent altar of Gozag.
  2846 | D:4      | Became a worshipper of Gozag Ym Sagoz the Greedy
  3062 | D:4      | Killed Pikel
  3063 | D:4      | Reached skill level 5 in Short Blades
  3063 | D:4      | Reached XP level 6. HP: 44/48 MP: 6/6
  3063 | D:4      | Reached XP level 7. HP: 50/54 MP: 7/7
  3491 | D:5      | Reached skill level 9 in Stealth
  3848 | D:6      | Found an iron altar of Okawaru.
  3982 | D:5      | Reached XP level 8. HP: 34/61 MP: 8/8
  4282 | D:6      | Found a snail-covered altar of Cheibriados.
  4358 | D:6      | Reached skill level 5 in Dodging
  4750 | D:6      | Noticed Prince Ribbit
  4989 | D:6      | Reached skill level 10 in Stealth
  5365 | D:7      | Reached skill level 5 in Fighting
  5499 | D:7      | Reached XP level 9. HP: 55/68 MP: 9/9
  6437 | D:6      | Reached skill level 11 in Stealth
  6741 | D:8      | Noticed Gunterle's ghost (novice PaBe)
  6741 | D:8      | Noticed a kobold demonologist
  6741 | D:8      | Found a runed translucent gate.
  6741 | D:8      | Found a runed translucent gate.
  6741 | D:8      | Found a runed translucent gate.
  6741 | D:8      | Found a sand-covered staircase.
  6752 | Ossuary  | Entered an ossuary
  7239 | Ossuary  | Reached skill level 5 in Evocations
  7395 | D:8      | Identified the +3 hand axe of Parts Unknown {pain, rF+
                  | Int+4 SInv}
  7594 | D:7      | Reached XP level 10. HP: 76/76 MP: 10/10
  7793 | D:8      | Noticed Maggie
  7804 | D:8      | Killed Maggie
  7906 | D:8      | Noticed Erica
  7913 | D:8      | Killed Erica
  7914 | D:8      | Reached skill level 10 in Short Blades
  8096 | D:8      | Learned a level 4 spell: Cause Fear
  8111 | D:8      | Noticed Gastronok
  8111 | D:8      | Noticed Maurice
  8244 | D:8      | Killed Gastronok
  8245 | D:8      | Reached skill level 12 in Stealth
  8245 | D:8      | Reached skill level 1 in Spellcasting
  8249 | D:8      | Killed Maurice
  8328 | D:8      | Found a hide-covered altar of Uskayaw.
  8445 | D:8      | Reached XP level 11. HP: 82/83 MP: 13/13
  8574 | D:8      | Found Sink's Demolitions Depot.
  8785 | D:9      | Found a flagged portal.
  8792 | Bailey   | Entered a bailey
  9055 | Bailey   | Noticed an orc knight
  9069 | Bailey   | Killed an orc knight
  9106 | Bailey   | Acquired the ring of the Castellan {rC+ Int+4 Stlth+}
  9380 | D:9      | Found a radiant altar of Vehumet.
  9434 | D:9      | Found a staircase to the Orcish Mines.
  9762 | D:9      | Reached skill level 5 in Hexes
  9826 | D:9      | Noticed a two-headed ogre
  9839 | D:9      | Killed a two-headed ogre
 10057 | D:9      | Found a staircase to the Lair.
 10728 | D:10     | Entered Level 10 of the Dungeon
 10829 | D:10     | Noticed a two-headed ogre
 10838 | D:10     | Killed a two-headed ogre
 10854 | D:10     | Found a broken altar of Ashenzari.
 11187 | D:10     | Found a sparkling altar of Nemelex Xobeh.
 11434 | D:10     | Found a bloodstained altar of Trog.
 11681 | D:10     | Found an ornate altar of the Wu Jian Council.
 11700 | D:10     | Noticed Harold
 12071 | D:11     | Noticed a two-headed ogre
 12082 | D:11     | Killed a two-headed ogre
 12083 | D:11     | Reached skill level 13 in Stealth
 12090 | D:11     | Noticed a seven-headed hydra
 12107 | D:11     | Found a gate leading to a gauntlet.
 12120 | Gauntlet | Entered a Gauntlet
 12120 | Gauntlet | Found a transporter.
 12128 | Gauntlet | Found a transporter.
 12130 | Gauntlet | Found a transporter.
 12131 | Gauntlet | Found a transporter.
 12140 | Gauntlet | Found a transporter.
 12142 | Gauntlet | Found a transporter.
 12143 | Gauntlet | Found a transporter.
 12149 | Gauntlet | Found a runed translucent gate.
 12149 | Gauntlet | Found a runed translucent gate.
 12149 | Gauntlet | Found a runed translucent gate.
 12151 | Gauntlet | Found a transporter.
 12154 | Gauntlet | Found a transporter.
 12155 | Gauntlet | Found a transporter.
 12159 | Gauntlet | Found a runed translucent door.
 12159 | Gauntlet | Found a runed translucent door.
 12163 | Gauntlet | Found a transporter.
 12166 | Gauntlet | Found a transporter.
 12167 | Gauntlet | Found a transporter.
 12171 | Gauntlet | Noticed a green ugly thing
 12172 | Gauntlet | Noticed a purple ugly thing
 12175 | Gauntlet | Found a transporter.
 12175 | Gauntlet | Noticed a glowing orange brain
 12684 | Gauntlet | Identified the ring "Heehara" {Wiz Dex+4}
 12793 | Gauntlet | Noticed a minotaur
 12815 | Gauntlet | Killed a minotaur
 12816 | Gauntlet | Reached XP level 12. HP: 72/91 MP: 17/17
 12968 | D:11     | Killed a seven-headed hydra
 12987 | D:11     | Identified the +8 hunting sling of Equilibrium {flame,
                  | +Blink rPois Will+ Int-3 Dex+5}
 13027 | D:11     | Noticed a two-headed ogre
 13039 | D:11     | Killed a two-headed ogre
 13118 | D:11     | Found a runed translucent door.
 13125 | D:11     | Found the +10 tower shield of Ignorance {rN+ Int-4}
 13141 | D:11     | Found a runed translucent door.
 13259 | D:11     | Noticed a two-headed ogre
 13263 | D:11     | Killed a two-headed ogre
 13378 | D:11     | Reached skill level 1 in Long Blades
 13818 | D:12     | Reached skill level 1 in Slings
 13986 | D:12     | Noticed a two-headed ogre
 13996 | D:12     | Killed a two-headed ogre
 14170 | D:12     | Noticed Fannar
 14700 | Orc:1    | Entered Level 1 of the Orcish Mines
 15293 | Orc:1    | Found Xubuant's Assorted Antiques.
 15302 | Orc:1    | Bought a scroll labelled BOLOURROAKO for 23 gold pieces
 15302 | Orc:1    | Bought a scroll of identify for 46 gold pieces
 15420 | Orc:2    | Entered Level 2 of the Orcish Mines
 15420 | Orc:2    | Found a staircase to the Elven Halls.
 15422 | Orc:2    | Noticed an orc high priest
 15552 | Orc:2    | Killed an orc high priest
 15558 | Orc:1    | Slain by an orc warrior

Illustrated notes

Levels and vault maps discovered:
D:1:      dpeg_arrival_boxorama, layout_basic, hellmonk_ecumenical_altar_zigzags
D:2:      minmay_chambers_of_twos, layout_rooms, hangedman_abyss_or_decor_stabs,
          minmay_box_of_dots
D:3:      layout_rooms, zin_treasury, due_unseen_surprise
D:4:      layout_loops_ring, nicolae_gozag_seed_capital, temple_fountains,
          gammafunk_ghost_icy, uniq_pikel
D:5:      layout_rooms, mainiacjoe_overflow_surrounded_room
D:6:      layout_layer_cave, tgw_sif, kennysheep_slug_shrine,
          okawaru_altar_gauntlet_db, uniq_prince_ribbit1, uniq_eustachio
D:7:      layout_cave_pools
D:8:      layout_gridville, kennysheep_mini_moat, gammafunk_ghost_nasty_kobolds,
          nicolae_ossuary_entry_monument, grunt_ministairs_7,
          nicolae_blasting_shop, uniq_maggie, uniq_erica, uniq_gastronok,
          uniq_maurice
D:9:      layout_loops_ring, mainiacjoe_overflow_tiny_flanked,
          david_lair_shrubbed, david_orc_3, enter_bailey_2, lightli_orcish_oven
D:10:     layout_loops_corners, lightli_temple_of_fire,
          nzn_wu_jian_contemplation, evilmike_ruin_ashenzari,
          nemelex_xobeh_ov_fountains_minmay, uniq_harold
D:11:     layout_loops_ring, gauntlet_entry_generic,
          chequers_guarded_unrand_ignorance
D:12:     layout_layer_cave, uniq_fannar
Temple:   chequers_temple_sunken
Orc:1:    layout_caves, serial_shops, shop, basic_altar
Orc:2:    st_orc_ogre_mass, layout_caves, nicolae_orc_damp_corner

Skill      XL: |  1  2  3  4  5  6  7  8  9 10 11 12 |
---------------+-------------------------------------+-----
Short Blades   | 3 5 6 7 9 10 11 12 | 12.0
Fighting       | 3 4 5 6 7 |  7.9
Evocations     | 1 2 3 4 5 6 7 |  7.3
Dodging        | 3 4 5 6 7 8 9 |  9.2
Stealth        | 8 9 10 11 12 13 | 13.7
Spellcasting   | 1 3 4 |  4.2
Hexes          | 4 8 9 |  9.8
Long Blades    | 2 |  2.9
Slings         | 1 |  1.5
Armour         | |  0.3

Action                   |  1- 3 |  4- 6 |  7- 9 | 10-12 || total
-------------------------+-------+-------+-------+-------++-------
Melee: Long sword        |    38 |    90 |   247 |    91 ||   466
       Bite              |     3 |    11 |    34 |    50 ||    98
       Scimitar          |       |       |       |   348 ||   348
       Rapier            |       |       |       |    10 ||    10
       Short sword       |       |       |       |     9 ||     9
Throw: Dart              |       |     8 |    42 |    42 ||    92
       Stone             |       |       |    22 |     1 ||    23
       Throwing net      |       |       |       |     1 ||     1
 Cast: Cause Fear        |       |       |       |     1 ||     1
Invok: Potion Petition   |       |       |       |     1 ||     1
       Call Merchant     |       |       |       |     2 ||     2
Evoke: Wand              |     2 |     7 |    18 |    38 ||    65
       Condenser vane    |       |       |       |     1 ||     1
  Use: Scroll            |     2 |       |    10 |     9 ||    21
       Potion            |     1 |       |     1 |     4 ||     6
 Stab: Sleeping          |     4 |    14 |     7 |    19 ||    44
       Distracted        |       |     1 |     1 |     4 ||     6
       Invisible         |       |       |       |     7 ||     7
Armor: Leather armour    |    10 |     8 |       |       ||    18
       Robe              |       |     7 |    55 |     2 ||    64
       Skin              |       |       |    12 |       ||    12
       Steam dragon scal |       |       |       |    81 ||    81
Dodge: Dodged            |    31 |    58 |   209 |   370 ||   668
       Rpst.: Long sword |     6 |    18 |    53 |    16 ||    93
       Scimitar          |       |       |       |    65 ||    65
